 Dungeon Crawl Stone Soup version 0.17.2-1-ge4368a0 (webtiles) character file.

19865 Charly the Grappler (level 12, -6/65 HPs)
             Began as a Vine Stalker Monk on July 1, 2017.
             Was a High Priest of Cheibriados.
             Splashed by an oklob plant's acid (16 damage)
             ... on level 5 of the Lair of Beasts.
             The game lasted 00:49:31 (2924 turns).

Charly the Grappler (Vine Stalker Monk)             Turns: 2924, Time: 00:49:32

Health: -6/65      AC: 15    Str: 30    XL:     12   Next: 73%
Magic:  0/17       EV:  8    Int: 21    God:    Cheibriados [*****.]
Gold:   451        SH:  0    Dex: 28    Spells: 0 memorised, 11 levels left

rFire  + . .     SeeInvis .       - Unarmed
rCold  + . .     Clarity  +     p - +1 plate armour {rPois}
rNeg   . . .     SustAt   .     (no shield)
rPois  +         Gourm    .     (no helmet)
rElec  .         Spirit   +     (no cloak)
rCorr  .         Warding  .     e - +0 pair of gloves
rMut   .         Stasis   .     l - +2 pair of boots of the Assassin {DetectMon Stab+ Stlth++}
MR     +....                    (no amulet)
Stlth  +.........               c - ring of protection from cold
                                a - ring of protection from fire

@: corroded equipment, very slow, somewhat resistant to hostile enchantments,
very unstealthy
A: fangs 3, hooves 1, blurry vision 2, clarity, regeneration 3, evolution 1,
magic shield, antimagic bite, no device heal 3, rot immunity
a: Bend Time, Temporal Distortion, Slouch, Step From Time, Renounce Religion


You were on level 5 of the Lair of Beasts.
You worshipped Cheibriados.
Cheibriados was extremely pleased with you.
You were very full.

You visited 4 branches of the dungeon, and saw 24 of its levels.

You collected 451 gold pieces.

Inventory:

Armour
 e - a +0 pair of gloves (worn)
 l - the +2 pair of boots of the Assassin (worn) {DetectMon Stab+ Stlth++}
   (You found it on level 9 of the Dungeon)

   It makes you much more stealthy.
 p - a +1 plate armour of poison resistance (worn)
Magical Staves
 o - an uncursed staff of power {unknown}
Jewellery
 a - a ring of protection from fire (left hand)
 c - a ring of protection from cold (right hand)
Wands
 j - a wand of flame (16)
 k - a wand of disintegration (0)
 r - a wand of frost (15)
 s - a wand of confusion (22)
Scrolls
 d - a scroll of identify
 f - a scroll of immolation
 g - a scroll of remove curse
Potions
 i - a potion of brilliance {unknown}
 m - 4 potions of curing
 n - a potion of resistance {unknown}
 q - a potion of agility {unknown}
Comestibles
 b - 3 bread rations
 h - 4 meat rations
 u - 3 slices of pizza


   Skills:
 + Level 8.5 Fighting
 + Level 7.7 Armour
 + Level 6.0 Dodging
 - Level 2.4 Stealth
 + Level 13.9 Unarmed Combat
 - Level 6.2 Invocations


You had 11 spell levels left.
You didn't know any spells.

Dungeon Overview and Level Annotations

Branches:
Dungeon (13/15)            Temple (1/1) D:7            Lair (6/8) D:11
  Snake (0/4) Lair:5        Slime (0/6) Lair:6          Orc (4/4) D:10
    Elf (0/3) Orc:3
  Swamp: Lair:3-6    Shoals: Lair:3-6    Vaults: D:13-14

Altars:
Cheibriados
Dithmenos
Elyvilon
Gozag
Nemelex Xobeh
Ru
Sif Muna
Trog
Vehumet
Yredelemnul
Zin
The Shining One
Beogh
Jiyva

Shops:
Orc:1 }   Orc:2 %

Portals:
Ice
Cave: Orc:3

Annotations:
Lair:5 exclusion: 4 oklob plants
Lair:6 exclusion: upstairs
Orc:3 Rupert


Innate Abilities, Weirdness & Mutations

You have razor-sharp teeth.
You regenerate.
When hurt, damage is shared between your health and your magic reserves.
Your bite disrupts and absorbs the magic of your enemies.
Potions and wands cannot restore your health.
You are immune to rotting.
You have large cloven feet.
Scrolls take you longer to read.
You possess an exceptional clarity of mind.
You evolve.


Message History

Marking area around the oklob plant as unsafe for travelling.
An oklob plant comes into view.
The oklob plant spits acid at you. The splash of acid hits you!
The acid corrodes you!
The acid burns!
The oklob plant spits acid at you. The splash of acid hits you!
The acid burns!
The oklob plant spits acid at you. The splash of acid hits you!
* * * LOW HITPOINT WARNING * * *
The acid burns!
* * * LOW HITPOINT WARNING * * *
The oklob plant spits acid at you. The splash of acid misses you.
There is a stone staircase leading down here.
Unknown command.
The oklob plant spits acid at you. The splash of acid hits you!
* * * LOW HITPOINT WARNING * * *
The acid burns!
You die...

#P≈≈.....≈≈%#
#P≈.......≈P#
#.≈.........#
#.≈.......≈.#
#.≈...k...≈P
≈≈.....≈
#...# #.@>#
#####


You could see 4 oklob plants and a fire drake.

Vanquished Creatures
  6 hydras
  A catoblepas (Lair:4)
  Erolcha (D:8)
  A fire crab (Lair:6)
  An unseen horror (D:10)
  A hill giant (D:10)
  2 spiny frogs (Lair:6)
  10 elephants
  2 black mambas (Lair:6)
  2 komodo dragons
  A two-headed ogre (D:11)
  3 blink frogs (Lair:5)
  11 yaks
  A hog (D:9)
  A human (D:9)
  3 hippogriffs
  A warg (Orc:4)
  2 water moccasins
  An ice beast (D:10)
  4 sky beasts
  4 porcupines
  3 ogres
  4 orc warriors
  A necrophage (D:10)
  11 giant frogs
  2 big kobolds (D:11)
  2 centaurs
  5 crocodiles
  2 scorpions
  9 wights
  A centaur zombie (D:10)
  10 orc priests
  9 orc wizards
  A centaur skeleton (D:11)
  2 giant frog skeletons
  A quasit (D:9)
  3 sheep
  An iguana (D:8)
  A killer bee zombie (D:11)
  A hound skeleton (D:8)
  5 river rats (Lair:4)
  5 gnolls
  3 adders
  A shadow imp (D:10)
  4 white imps (Orc:4)
  A giant gecko (D:10)
  66 orcs
  A ball python (D:4)
  2 giant cockroaches
  2 hobgoblins (D:1)
  3 giant newts
  3 goblins (D:1)
  9 kobolds
  A quokka skeleton (D:7)
  A rat (D:3)
235 creatures vanquished.

Vanquished Creatures (others)
  An orc wizard (Orc:1)
  3 orcs
  A fungus (Lair:5)
  A plant (Lair:5)
6 creatures vanquished.

Grand Total: 241 creatures vanquished

Notes
Turn   | Place    | Note
--------------------------------------------------------------
     0 | D:1      | Charly the Vine Stalker Monk began the quest for the Orb.
     0 | D:1      | Reached XP level 1. HP: 11/11 MP: 2/2
    66 | D:1      | Reached XP level 2. HP: 16/16 MP: 3/3
   284 | D:4      | Reached XP level 3. HP: 9/19 MP: 1/4
   345 | D:5      | Entered Level 5 of the Dungeon
   350 | D:5      | Noticed a centaur
   362 | D:5      | Killed a centaur
   362 | D:5      | Reached skill level 1 in Armour
   362 | D:5      | Reached skill level 5 in Unarmed Combat
   362 | D:5      | Reached XP level 4. HP: 15/23 MP: 2/5
   468 | D:5      | Found a shadowy altar of Dithmenos.
   485 | D:6      | Noticed a sky beast
   487 | D:6      | Killed a sky beast
   487 | D:6      | Reached skill level 6 in Unarmed Combat
   487 | D:6      | Reached XP level 5. HP: 27/27 MP: 6/6
   492 | D:6      | Gained mutation: You have large cloven feet. [mutagenic meat]
   493 | D:6      | murphy: 4 runes
   505 | D:6      | murphy: 3runes?
   508 | D:6      | murphy: hi
   508 | D:6      | Charly: hey
   508 | D:6      | murphy: or 15?
   508 | D:6      | Charly: Im thinking bout 15
   511 | D:6      | Noticed an ogre
   512 | D:6      | Charly: but there is very little chance this run is succesful
   512 | D:6      | murphy: we are try to get some exp for turncount runs (3 runes)
   512 | D:6      | murphy: vajrapani is currently playing
   512 | D:6      | murphy: my best win was VsMo but i feel it's weaker now
   512 | D:6      | murphy: at least at the start
   512 | D:6      | murphy: oh u play 0.17 nvm then
   512 | D:6      | Charly: 0.17 is best suited for speeruns
   515 | D:6      | Killed an ogre
   515 | D:6      | Gained mutation: You heal very quickly. [Vine Stalker growth]
   515 | D:6      | Reached XP level 6. HP: 32/32 MP: 7/7
   543 | D:7      | Found a staircase to the Ecumenical Temple.
   573 | D:7      | Found a glowing silver altar of Zin.
   576 | Temple   | Entered the Ecumenical Temple
   603 | Temple   | Became a worshipper of Cheibriados the Contemplative
   603 | Temple   | Reached * piety under Cheibriados
   603 | Temple   | Reached ** piety under Cheibriados
   820 | D:9      | Reached skill level 7 in Unarmed Combat
   833 | D:9      | murphy: wow nice
   833 | D:9      | Charly: for now it is only +2 boots
   902 | D:9      | Noticed a human
   902 | D:9      | Noticed a yak
   905 | D:9      | Killed a yak
   905 | D:9      | Reached XP level 7. HP: 36/36 MP: 8/8
   906 | D:9      | Noticed a hog
   918 | D:9      | Killed a human
   926 | D:9      | Killed a hog
   930 | D:9      | Reached skill level 8 in Unarmed Combat
   934 | D:9      | Gained mutation: You have razor-sharp teeth. [Vine Stalker growth]
   934 | D:9      | Reached XP level 8. HP: 24/42 MP: 9/9
   999 | D:8      | Noticed Erolcha
  1014 | D:8      | Killed Erolcha
  1014 | D:8      | Reached skill level 9 in Unarmed Combat
  1045 | D:9      | Reached skill level 5 in Fighting
  1045 | D:9      | Reached XP level 9. HP: 31/47 MP: 10/10
  1049 | D:9      | Gained mutation: You evolve. [mutagenic meat]
  1087 | D:10     | Entered Level 10 of the Dungeon
  1095 | D:10     | Noticed a hill giant
  1099 | D:10     | Killed a hill giant
  1101 | D:10     | Reached skill level 10 in Unarmed Combat
  1106 | D:10     | Killed an unseen horror
  1106 | D:10     | Reached *** piety under Cheibriados
  1106 | D:10     | Reached skill level 5 in Armour
  1200 | D:10     | Found a staircase to the Orcish Mines.
  1219 | D:10     | Reached skill level 11 in Unarmed Combat
  1248 | Orc:1    | Entered Level 1 of the Orcish Mines
  1256 | D:10     | Reached XP level 10. HP: 19/53 MP: 5/11
  1346 | Orc:1    | Reached **** piety under Cheibriados
  1346 | Orc:1    | Reached skill level 1 in Invocations
  1400 | Orc:1    | Found Kehaucuv's Gadget Emporium.
  1400 | Orc:1    | Found a roughly hewn altar of Beogh.
  1472 | Orc:2    | murphy: why are u doing orc?
  1472 | Orc:2    | murphy: will u do elf?
  1472 | Orc:2    | Charly: nope
  1472 | Orc:2    | Charly: checking for branches
  1477 | Orc:2    | Found Qiurooniq's Food Shoppe.
  1488 | Orc:3    | Found a staircase to the Elven Halls.
  1490 | Orc:3    | Noticed an orc knight
  1492 | Orc:4    | Entered Level 4 of the Orcish Mines
  1577 | Orc:4    | murphy: would u give me # pls?
  1607 | Orc:3    | Found a frozen archway.
  1607 | Orc:3    | Noticed Rupert
  1652 | Orc:3    | murphy: thx
  1737 | D:13     | Found a basalt altar of Yredelemnul.
  1779 | D:11     | Gained mutation: You possess an exceptional clarity of mind. [evolution]
  1862 | D:10     | Reached skill level 12 in Unarmed Combat
  1874 | D:10     | Reached skill level 5 in Invocations
  2103 | D:11     | Reached ***** piety under Cheibriados
  2148 | D:11     | Gained mutation: You regenerate. [mutagenic meat]
  2149 | D:11     | Gained mutation: Scrolls take you a little longer to read. [mutagenic meat]
  2150 | D:11     | Gained mutation: Scrolls take you longer to read. [mutagenic meat]
  2225 | D:11     | Found a staircase to the Lair.
  2236 | D:11     | Reached XP level 11. HP: 34/56 MP: 9/16
  2245 | Lair:1   | Entered Level 1 of the Lair of Beasts
  2341 | Lair:4   | Noticed a seven-headed hydra
  2346 | Lair:4   | Killed a seven-headed hydra
  2348 | Lair:4   | Noticed a catoblepas
  2351 | Lair:4   | Noticed a four-headed hydra
  2363 | Lair:4   | Killed a catoblepas
  2371 | Lair:4   | Killed a four-headed hydra
  2371 | Lair:4   | Reached skill level 13 in Unarmed Combat
  2579 | Lair:5   | Noticed a four-headed hydra
  2584 | Lair:5   | Killed a four-headed hydra
  2605 | Lair:5   | Mutation became permanent: You regenerate. [Vine Stalker growth]
  2605 | Lair:5   | Reached XP level 12. HP: 22/63 MP: 14/17
  2619 | Lair:5   | Reached skill level 5 in Dodging
  2637 | Lair:5   | Found a staircase to the Snake Pit.
  2648 | Lair:5   | Noticed a five-headed hydra
  2656 | Lair:5   | Killed a five-headed hydra
  2660 | Lair:5   | Noticed a six-headed hydra
  2670 | Lair:5   | Killed a six-headed hydra
  2699 | Lair:4   | Noticed a four-headed hydra
  2708 | Lair:4   | Killed a four-headed hydra
  2903 | Lair:6   | Found a staircase to the Slime Pits.
  2903 | Lair:6   | Found a viscous altar of Jiyva.
  2924 | Lair:5   | Splashed by an oklob plant's acid

Action                   |  1- 3 |  4- 6 |  7- 9 | 10-12 || total
-------------------------+-------+-------+-------+-------++-------
Melee: Unarmed           |    33 |    34 |    99 |   452 ||   618
Invok: Temporal Distorti |       |       |       |     6 ||     6
       Slouch            |       |       |       |     6 ||     6
Evoke: Wand              |     1 |     7 |     7 |     4 ||    19
  Use: Scroll            |     3 |     5 |     6 |     3 ||    17
       Potion            |       |       |     4 |     1 ||     5
  Eat: Chunk             |       |     1 |     1 |     4 ||     6
       Beef jerky        |       |     1 |     2 |       ||     3
       Pizza             |       |       |     2 |     2 ||     4
       Fruit             |       |       |       |     3 ||     3
